 Dungeon Crawl Stone Soup version 0.29-a0-334-gb41bcbb86e (webtiles) character file.

Game seed: 4052931896587538956

102 brightshaft the Slasher (level 4, -1/34 HPs)
             Began as a Merfolk Gladiator on Apr 13, 2022.
             Slain by an orc wizard
             ... wielding a +0 dagger
              (2 damage)
             ... on level 3 of the Dungeon.
             The game lasted 00:03:21 (1565 turns).

brightshaft the Slasher (Merfolk Gladiator)         Turns: 1565, Time: 00:03:21

Health: -1/34      AC: 10    Str: 14    XL:     4   Next: 78%
Magic:  4/4        EV: 12    Int:  7    God:
Gold:   45         SH:  0    Dex: 17    Spells: 3/3 levels left

rFire   . . .      SeeInvis .   a - +0 long sword
rCold   . . .      Faith    .   (no shield)
rNeg    . . .      Spirit   .   j - +0 ring mail
rPois   .          Reflect  .   t - +1 helmet
rElec   .          Harm     .   i - +1 cloak
rCorr   .          Rampage  .   (no gloves)
Will    .....                   b - +0 pair of boots
Stlth   +.........              (no amulet)
HPRegen 0.11/turn               (no ring)
MPRegen 0.09/turn               (no ring)

@: no status effects
A: (nimble swimmer 2), mertail
a: no special abilities


You were on level 3 of the Dungeon.
You visited 1 branch of the dungeon, and saw 3 of its levels.

You collected 45 gold pieces.

Inventory:

Hand Weapons
 a - a +0 long sword (weapon)
Missiles
 d - 3 throwing nets (quivered)
 e - a javelin
Armour
 b - a +0 pair of boots (worn)
 i - a +1 cloak (worn)
 j - a +0 ring mail (worn)
 t - a +1 helmet (worn)
Scrolls
 f - a scroll of holy word {unknown}
 g - 3 scrolls of teleportation {unknown}
 h - 2 scrolls of vulnerability {unknown}
 k - a scroll of brand weapon {unknown}
 l - 3 scrolls of identify {unknown}
 n - a scroll of blinking {unknown}
 r - 2 scrolls of summoning {unknown}
 s - a scroll of enchant weapon {unknown}
Potions
 m - a potion of heal wounds {unknown}
 o - a potion of brilliance {unknown}
 p - a potion of might {unknown}
 q - a potion of ambrosia {unknown}


   Skills:
 + Level 2.7 Fighting
 * Level 5.9 Long Blades
 - Level 2.0 Throwing
 + Level 4.4 Dodging


You had 3 spell levels left.
You didn't know any spells.
Your spell library was empty.

Dungeon Overview and Level Annotations

Branches:
Dungeon (3/15)

Altars:


Innate Abilities, Weirdness & Mutations

((You are very nimble when in or above water. (Stealth+, EV+, Speed+++)))
Your lower body shifts to a powerful aquatic tail in water.


Message History

Something hits you but does no damage. The orc hits you with a +0 mace.
The orc hits you with a +1 dagger of speed. x2
The orc hits you but does no damage. Something hits you.
You slash the orc!
You kill the orc!
The orc completely misses you.
The orc hits you with a +1 dagger of speed.
You hear some strange, mumbled words.
A puff of flame appears from out of thin air!
The puff of flame hits you!
* * * LOW HITPOINT WARNING * * *
You closely miss something. The orc misses you. Something hits you.
* * * LOW HITPOINT WARNING * * *
You miss something. The orc hits you but does no damage.
The orc barely misses you. Something hits you but does no damage.
You miss something. The orc completely misses you. Something hits you.
* * * LOW HITPOINT WARNING * * *
The orc barely misses you.
You barely miss the orc. Something hits you but does no damage.
The orc barely misses you.
You hit the orc.
The orc is heavily wounded.
The orc hits you but does no damage. Something hits you but does no damage.
The orc hits you but does no damage.
You closely miss the orc.
The orc is heavily wounded.
The orc hits you with a +1 dagger of speed.
* * * LOW HITPOINT WARNING * * *
Something hits you but does no damage. The orc hits you but does no damage.
You hit the orc.
You kill the orc!
Something hits you but does no damage.
You barely miss something. Something hits you but does no damage.
You hit something but do no damage. Something hits you.
* * * LOW HITPOINT WARNING * * *
Something hits you but does no damage.
You barely miss something. Something hits you.
* * * LOW HITPOINT WARNING * * *
You closely miss something. Something hits you.
You die...

##+##
##...##
##.....##
##.){....##
#...@)....#
+......$..+
#######...#
.## #


There were no monsters in sight!

Vanquished Creatures
  An orc priest (D:2)
  2 adders (D:2)
  2 dart slugs (D:1)
  3 orcs
  4 bats
  4 endoplasms
  2 giant cockroaches (D:1)
  8 goblins
  7 hobgoblins
  3 ball pythons (D:1)
  3 frilled lizards
  4 kobolds
  3 rats
46 creatures vanquished.

Notes
Turn   | Place    | Note
-------+----------+-------------------------------------------
     0 | D:1      | brightshaft the Merfolk Gladiator began the quest for the
                  | Orb.
     0 | D:1      | Reached XP level 1. HP: 16/16 MP: 1/1
    78 | D:1      | Reached skill level 4 in Long Blades
    95 | D:1      | Reached XP level 2. HP: 17/22 MP: 2/2
   350 | D:1      | Reached XP level 3. HP: 22/27 MP: 3/3
   441 | D:1      | You fall into a shaft and drop 1 floor!
   454 | D:2      | Reached skill level 5 in Long Blades
  1285 | D:2      | Reached XP level 4. HP: 34/34 MP: 4/4
  1564 | D:3      | HP: 1/34 [something (3)]
  1565 | D:3      | Slain by an orc wizard

Illustrated notes

Levels and vault maps discovered:
D:1:      elethiomel_arrival_infinity_welcomes_careful_drivers, layout_basic
D:2:      layout_rooms, serial_glass, glass_columns_a, glass_columns_c
D:3:      layout_loops_corners, marbit_many_paths, mainiacjoe_overflow_catwalk,
          hellmonk_ecumenical_altar_watching_god

Skill      XL: |  1  2  3 |
---------------+----------+-----
Long Blades    | 4 5 |  5.9
Fighting       | |  2.7
Throwing       | |  2.0
Dodging        | |  4.4

Action                   |  1- 3 |  4- 6 || total
-------------------------+-------+-------++-------
Melee: Long sword        |   107 |    29 ||   136
Armor: Leather armour    |    18 |       ||    18
       Ring mail         |    27 |    19 ||    46
Dodge: Dodged            |    81 |    19 ||   100

Table legend: (Time is in decaauts)
 A = Elapsed time spent in this place.
 B = Non-inter-level travel time spent in this place.
 C = Inter-level travel time spent in this place.
 D = Time resting spent in this place.
 E = Time spent auto-exploring this place.
 F = Levels seen in this place.
 G = Mean time per level.
                   A        B        C        D        E       F      G
               +--------+--------+--------+--------+--------+-----+--------+
         Total |   1586 |   1492 |     94 |      0 |   1129 |   3 |  528.7 |
       Dungeon |   1586 |   1492 |     94 |      0 |   1129 |   3 |  528.7 |
               +--------+--------+--------+--------+--------+-----+--------+

Top non-repeatable levels by time:
     D:1: 882 daAuts
     D:2: 683 daAuts
     D:3: 20 daAuts
